cohdb
Replays
Latest Replays
All Replays
Popular Replays
Top Player Replays
Match Explorer
How It Works
Community
CoH3 Stats
Reddit
Sign in to upload your games and track your stats! →
Sign in with Steam
Match 46189120
Unlisted
Match 46189120
Overview
Messages
Build Orders
End
Pioneer Squad
Selects Italian Coastal Battlegroup
Selects Coastal Reserves
Coastal Reserve
Coastal Reserve
Coastal Reserve
Construct Infanterie Kompanie
Construct Panzergrenadier Kompanie
251 Medium Carrier
Medical Station
Panzergrenadier Squad
Pak 40 Anti-tank Gun Team
Selects Designate Defensive Line
Selects Rapid Fortifications
Rapid Fortifications
Panzergrenadier Squad
Medical Bunker
Construct Panzer Kompanie
Designate Defensive Line
Panzer IV Medium Tank
Stoßtruppen Squad
Pioneer Squad
Rapid Fortifications
MG 42 Bunker
oziligath
odung
0
0
Comments
sign in to comment!
No comments posted yet!